 Dungeon Crawl Stone Soup version 0.23.2-33-g5129a83184 (webtiles) character file.

Game seed: 15242630233141828041

171 Acheron the Magician (level 5, -19/40 HPs)
             Began as a Draconian Wanderer on July 19, 2019.
             Demolished by an ogre
             ... wielding a +0 giant spiked club
              (31 damage)
             ... on level 4 of the Dungeon.
             The game lasted 00:10:53 (3160 turns).

Acheron the Magician (Draconian Wanderer)           Turns: 3160, Time: 00:10:53

Health: -19/40     AC:  5    Str: 14    XL:     5   Next: 26%
Magic:  10/10      EV: 12    Int: 14    God:
Gold:   70         SH:  0    Dex: 10    Spells: 9/10 levels left

rFire    . . .     SeeInvis .   e - +5 short sword
rCold    . . .     Gourm    .   (no shield)
rNeg     . . .     Faith    .   (armour unavailable)
rPois    .         Spirit   .   (helmet restricted)
rElec    .         Reflect  .   (no cloak)
rCorr    .         Harm     .   (no gloves)
MR       .....                  (no boots)
Stlth    ++........             (no amulet)
HPRegen  0.13/turn              (no ring)
MPRegen  0.12/turn              (no ring)

@: no status effects
A: unfitting armour, cold-blooded, AC +5
a: no special abilities


You were on level 4 of the Dungeon.
You were not hungry.

You visited 1 branch of the dungeon, and saw 4 of its levels.

You collected 70 gold pieces.

Inventory:

Hand Weapons
 d - a +0 mace
 e - a +5 short sword (weapon)
 l - a +1 dagger of protection
 m - a +1 hunting sling of flaming
Missiles
 k - 74 stones (quivered)
 n - 23 sling bullets
 p - 16 poisoned needles
 q - a throwing net
Wands
 h - a wand of acid (13)
Scrolls
 b - a scroll of teleportation
 g - a scroll of magic mapping
 i - a scroll of identify
Potions
 c - a potion of lignification
 j - a potion of invisibility
Comestibles
 f - 2 rations


   Skills:
 * Level 1.4 Fighting
 * Level 2.5 Short Blades
 + Level 0.2 Maces & Flails
 * Level 1.6 Dodging
 * Level 1.5 Stealth
   Level 1.0 Shields
 * Level 3.3 Spellcasting
   Level 3.0 Summonings
   Level 2.0 Transmutations
   Level 1.0 Ice Magic


You had 9 spell levels left.
You knew the following spells:

 Your Spells              Type           Power        Failure   Level  Hunger
a - Magic Dart            Conj           #...         21%         1    #......

Your spell library contained the following spells:

 Spells                   Type           Power        Failure   Level  Hunger
 Call Imp                 Summ           ##......     9%          2    ##.....
 Blink                    Tloc           N/A          30%         2    ##.....
 Slow                     Hex            #.......     30%         2    ##.....
 Conjure Flame            Conj/Fire      #.......     52%         3    ###....
 Mephitic Cloud           Conj/Pois/Air  #.......     52%         3    ###....


Dungeon Overview and Level Annotations

Branches:
Dungeon (4/15)
 Temple: D:4-7

Altars:
Cheibriados
Dithmenos
Gozag

Annotations:
D:2 exclusion: downstairs


Innate Abilities, Weirdness & Mutations

Your plain brown scales are hard. (AC +5)
You cannot fit into any form of body armour.
You are cold-blooded and may be slowed by cold attacks.


Message History

Found a ration.
The ogre shouts!
You see here a thin silver amulet.
Okay, then.
As you read the scroll of enchant weapon, it crumbles to dust.
Your +4 short sword glows red for a moment.
You hit the ogre. You tail-slap the ogre.
The ogre is moderately wounded.
The ogre hits you with a +0 giant spiked club!
You hit the ogre.
The ogre is heavily wounded.
The ogre hits you with a +0 giant spiked club!
* * * LOW HITPOINT WARNING * * *
You hit the ogre.
The ogre is severely wounded.
You hit the ogre.
The ogre is almost dead.
The ogre hits you with a +0 giant spiked club!!
Ouch! That really hurt!
You die...

#.#...##........,
#.#.####.#......,
#.#............#*
#.#.####........*
##.#.# #........*
#..#.# *#<.......*
#.##.###........#*
#.#$...........##*
#@...........### *
***#O#..........#
*,,.............#
*,..<...........#
*...%...#########
#########


You could see an ogre.

Vanquished Creatures
  4 gnolls (D:3)
  6 adders
  2 oozes (D:2)
  An adder skeleton (D:4)
  2 dart slugs (D:1)
  A leopard gecko (D:1)
  2 orcs
  2 ball pythons (D:2)
  9 bats
  4 giant cockroaches
  3 goblins
  8 hobgoblins
  6 jackals
  2 frilled lizards (D:1)
  6 kobolds
  3 rats
61 creatures vanquished.

Notes
Turn   | Place    | Note
-------+----------+-------------------------------------------
     0 | D:1      | Acheron the Draconian Wanderer began the quest for the Orb.
     0 | D:1      | Acheron set off with the following items: a +0 club, a
                  | scroll of teleportation, a potion of lignification, a
                  | ration; and the following spell memorised: Magic Dart; and
                  | the following spells available to memorise: Call Imp,
                  | Blink, Slow, Conjure Flame, Mephitic Cloud
     0 | D:1      | Reached XP level 1. HP: 14/14 MP: 3/3
   239 | D:1      | Reached XP level 2. HP: 20/20 MP: 5/5
   535 | D:1      | Reached XP level 3. HP: 20/26 MP: 7/7
  1271 | D:2      | Reached skill level 1 in Short Blades
  1350 | D:2      | Reached skill level 1 in Dodging
  1590 | D:2      | Reached XP level 4. HP: 34/34 MP: 8/8
  1786 | D:2      | Found a faded altar of an unknown god.
  1786 | D:2      | Found a shadowy altar of Dithmenos.
  1791 | D:2      | Found a snail-covered altar of Cheibriados.
  1793 | D:2      | Found a faded altar of an unknown god.
  1794 | D:2      | Found an opulent altar of Gozag.
  1988 | D:2      | Reached skill level 1 in Fighting
  2221 | D:3      | Noticed an ogre
  2638 | D:3      | Reached XP level 5. HP: 34/40 MP: 9/9
  2806 | D:4      | Noticed an ogre
  3160 | D:4      | Demolished by an ogre

Skill      XL: |  1  2  3  4 |
---------------+-------------+-----
Spellcasting   | 3 |  3.3
Short Blades   | 1 2 |  2.5
Dodging        | 1 |  1.6
Fighting       | 1 |  1.4
Maces & Flails | |  0.2
Stealth        | |  1.5
Shields        | |  1.0
Summonings     | |  3.0
Transmutations | |  2.0
Ice Magic      | |  1.0

Action                   |  1- 3 |  4- 6 || total
-------------------------+-------+-------++-------
Melee: Mace              |     7 |       ||     7
       Short sword       |    76 |    95 ||   171
       Tailslap          |     5 |    10 ||    15
  Use: Scroll            |     3 |     4 ||     7
       Potion            |       |     1 ||     1
 Stab: Sleeping          |     2 |     2 ||     4
  Eat: Chunk             |     2 |     5 ||     7
Armor: Skin              |    44 |    44 ||    88
Dodge: Dodged            |    76 |    71 ||   147
